TOP OF THE 1ST |
Chattanooga Lookouts batting - Pitching for Trenton Thunder : RHP John Robidoux
|
Pitching: RHP John Robidoux
|
|
Batting: RHB Mike Craver
|
0-0: Ball 1-0: Foul Ball, location: 2F 1-1: Swinging Strike 1-2: Strikes out swinging
|
Batting: RHB Matt Dunn
|
0-0: Foul Ball, location: 2F 0-1: Ball 1-1: Ball 2-1: SOLO HOME RUN (Flyball, 7D, EV 108.8 MPH), Distance : 408 ft
|
Batting: LHB Jim Pankratz
|
0-0: Ball 1-0: Ball 2-0: Called Strike 2-1: Foul Ball, location: 2F 2-2: Ball 3-2: Base on Balls
|
Batting: LHB Matt Robertson
|
0-0: Ball 1-0: Foul Ball, location: 2F 1-1: Ball 2-1: Ball 3-1: SINGLE (Groundball, 4M, EV 87.5 MPH) (infield hit) Jim Pankratz to second
|
Batting: LHB Israel Montoya
|
0-0: Ball 1-0: Called Strike 1-1: Ball 2-1: Called Strike 2-2: Ball 3-2: Base on Balls Jim Pankratz to third Matt Robertson to second
|
Batting: LHB Bill Young
|
0-0: Ball 1-0: Called Strike 1-1: Ball Passed Ball! Jim Pankratz scores Matt Robertson to third Israel Montoya to second 2-1: Ball 3-1: Base on Balls
|
Batting: RHB Bobby Paredes
|
0-0: Fielders Choice at 2nd, 3-6 (Groundball, 3S, EV 84.4 MPH) Matt Robertson scores Israel Montoya to third
|
Batting: LHB Marius Tadini
|
0-0: Called Strike 0-1: Ball 1-1: Ball 2-1: Foul Ball, location: 2F 2-2: Ball 3-2: Base on Balls Bobby Paredes to second
|
Batting: SHB Duri Chilemba
|
0-0: Ball 1-0: Ball 2-0: Called Strike 2-1: Ball 3-1: Called Strike 3-2: Strikes out looking
|
Top of the 1st over - 3 runs, 2 hits, 0 errors, 3 left on base; Chattanooga 3 - Trenton 0 |
BOTTOM OF THE 1ST |
Trenton Thunder batting - Pitching for Chattanooga Lookouts : RHP Willie Perez
|
Pitching: RHP Willie Perez
|
|
Batting: LHB Aaron Joyner
|
0-0: Called Strike 0-1: Ball 1-1: Ball 2-1: Ball 3-1: Ground out U3 (Groundball, 34, EV 101.2 MPH)
|
Batting: SHB Mukhtar Wa'il
|
0-0: Ball 1-0: Fly out, F8 (Flyball, 8LS, EV 93.1 MPH)
|
Batting: LHB Mike DiNardo
|
0-0: Swinging Strike 0-1: Ball 1-1: SINGLE (Line Drive, 6M, EV 106.9 MPH)
|
Batting: SHB Victor Ruiz
|
0-0: Ball 1-0: Fly out, F2 (Popup, 2RF, EV 92.5 MPH)
|
Bottom of the 1st over - 0 runs, 1 hit, 0 errors, 1 left on base; Chattanooga 3 - Trenton 0 |
TOP OF THE 2ND |
Chattanooga Lookouts batting - Pitching for Trenton Thunder : RHP John Robidoux
|
Batting: RHB Mike Craver
|
0-0: Foul Ball, location: 2F 0-1: Ground out 4-3 (Groundball, 4, EV 99.4 MPH)
|
Batting: RHB Matt Dunn
|
0-0: Called Strike 0-1: Called Strike 0-2: Strikes out swinging, 2-3 out at first.
|
Batting: LHB Jim Pankratz
|
0-0: Ball 1-0: Called Strike 1-1: Foul Ball, location: 2F 1-2: Ball 2-2: SINGLE (Groundball, 6D, EV 102.5 MPH)
|
Batting: LHB Matt Robertson
|
0-0: Ball Jim Pankratz is caught stealing 2nd base 2-6
|
Top of the 2nd over - 0 runs, 1 hit, 0 errors, 0 left on base; Chattanooga 3 - Trenton 0 |
BOTTOM OF THE 2ND |
Trenton Thunder batting - Pitching for Chattanooga Lookouts : RHP Willie Perez
|
Batting: RHB Johannes Gutermuth
|
0-0: SINGLE (Line Drive, 78S, EV 94.4 MPH)
|
Batting: RHB Jose Leal
|
0-0: Called Strike 0-1: Foul Ball, location: 2F 0-2: Ball 1-2: Ball 2-2: Ball 3-2: Grounds into double play, 5-4-3 (Groundball, 56S, EV 84.4 MPH)
|
Batting: RHB Omar Novoa
|
0-0: SINGLE (Line Drive, 78M, EV 91.9 MPH)
|
Batting: RHB Nick Dunton
|
0-0: Called Strike 0-1: Ball 1-1: Called Strike 1-2: Ball 2-2: Ground out 5-3 (Groundball, 5S, EV 65.0 MPH)
|
Bottom of the 2nd over - 0 runs, 2 hits, 0 errors, 1 left on base; Chattanooga 3 - Trenton 0 |
TOP OF THE 3RD |
Chattanooga Lookouts batting - Pitching for Trenton Thunder : RHP John Robidoux
|
Batting: LHB Matt Robertson
|
0-0: Ball 1-0: Ball 2-0: Ball 3-0: Called Strike 3-1: Foul Ball, location: 2F 3-2: Strikes out swinging
|
Batting: LHB Israel Montoya
|
0-0: SINGLE (Groundball, 34D, EV 107.5 MPH)
|
Batting: LHB Bill Young
|
0-0: Called Strike 0-1: Called Strike 0-2: Foul Ball, location: 2F 0-2: Foul Ball, location: 2F 0-2: Ball 1-2: Ball 2-2: Grounds into double play, 4-6-3 (Groundball, 4M, EV 106.2 MPH)
|
Top of the 3rd over - 0 runs, 1 hit, 0 errors, 0 left on base; Chattanooga 3 - Trenton 0 |
BOTTOM OF THE 3RD |
Trenton Thunder batting - Pitching for Chattanooga Lookouts : RHP Willie Perez
|
Batting: RHB Sharafat Khanum
|
0-0: Called Strike 0-1: Swinging Strike 0-2: Ball 1-2: Strikes out looking
|
Batting: LHB Aaron Joyner
|
0-0: Ball 1-0: Called Strike 1-1: Ball 2-1: SINGLE (Groundball, 23, EV 63.8 MPH) (infield hit)
|
Batting: SHB Mukhtar Wa'il
|
0-0: Swinging Strike 0-1: Ball 1-1: Fly out, F5 (Popup, 25F, EV 84.4 MPH)
|
Batting: LHB Mike DiNardo
|
0-0: Ball Aaron Joyner steals 2nd base (no throw) 1-0: Foul Ball, location: 2F 1-1: Foul Ball, location: 2F 1-2: 2-RUN HOME RUN (Flyball, 9LD, EV 95.6 MPH), Distance : 352 ft
|
Batting: SHB Victor Ruiz
|
0-0: Ball 1-0: Ball 2-0: Ball 3-0: Called Strike 3-1: Foul Ball, location: 2F 3-2: Base on Balls
|
Batting: RHB Johannes Gutermuth
|
0-0: Called Strike 0-1: Fly out, F7 (Flyball, 7LS, EV 90.0 MPH)
|
Bottom of the 3rd over - 2 runs, 2 hits, 0 errors, 1 left on base; Chattanooga 3 - Trenton 2 |
TOP OF THE 4TH |
Chattanooga Lookouts batting - Pitching for Trenton Thunder : RHP John Robidoux
|
Batting: RHB Bobby Paredes
|
0-0: Ball 1-0: SINGLE (Line Drive, 34D, EV 102.5 MPH)
|
Batting: LHB Marius Tadini
|
0-0: Ball 1-0: Called Strike 1-1: Fielders Choice at 2nd, 3-6 (Groundball, 3, EV 77.5 MPH)
|
Batting: SHB Duri Chilemba
|
0-0: Called Strike 0-1: Ball 1-1: Ball 2-1: Ball 3-1: Foul Ball, location: 2F 3-2: Strikes out looking
|
Batting: RHB Mike Craver
|
0-0: Called Strike 0-1: Foul Ball, location: 2F 0-2: Ball 1-2: Ball 2-2: SINGLE (Line Drive, 34, EV 104.4 MPH) Marius Tadini to second
|
Pitching: RHP Mark Norman
|
|
Batting: RHB Matt Dunn
|
0-0: Called Strike 0-1: Called Strike 0-2: Foul Ball, location: 2F 0-2: Ball 1-2: Fly out, F9 (Flyball, 89D, EV 92.5 MPH)
|
Top of the 4th over - 0 runs, 2 hits, 0 errors, 2 left on base; Chattanooga 3 - Trenton 2 |
BOTTOM OF THE 4TH |
Trenton Thunder batting - Pitching for Chattanooga Lookouts : RHP Willie Perez
|
Batting: RHB Jose Leal
|
0-0: Called Strike 0-1: Ball 1-1: SINGLE (Groundball, 5S, EV 62.5 MPH) (infield hit)
|
Batting: RHB Omar Novoa
|
0-0: Foul Ball, location: 2F 0-1: Fielders Choice at 2nd, 6-4 (Groundball, 56, EV 90.0 MPH)
|
Batting: RHB Nick Dunton
|
0-0: Called Strike Omar Novoa steals 2nd base 0-1: Called Strike 0-2: Ball 1-2: Ball 2-2: Foul Ball, location: 2F 2-2: SINGLE (Groundball, 6, EV 100.6 MPH) Omar Novoa to third Runner from 3rd tries for Home, throw by CF and OUT! 8-2 Nick Dunton to second
|
Batting: RHB Sharafat Khanum
|
0-0: Fly out, F8 (Flyball, 8LD, EV 93.1 MPH)
|
Bottom of the 4th over - 0 runs, 2 hits, 0 errors, 1 left on base; Chattanooga 3 - Trenton 2 |
TOP OF THE 5TH |
Chattanooga Lookouts batting - Pitching for Trenton Thunder : RHP Mark Norman
|
Batting: LHB Jim Pankratz
|
0-0: Called Strike 0-1: SINGLE (Line Drive, 9LS, EV 108.1 MPH)
|
Batting: LHB Matt Robertson
|
0-0: Foul Ball, location: 2F 0-1: Ball 1-1: Ball 2-1: Foul Ball, location: 2F 2-2: Foul Ball, location: 2F 2-2: Ball 3-2: Foul Ball, location: 2F 3-2: Fly out, F5 (Flyball, 5D, EV 88.1 MPH)
|
Batting: LHB Israel Montoya
|
0-0: Ball Jim Pankratz steals 2nd base 1-0: DOUBLE (Line Drive, 9LM, EV 101.2 MPH) Jim Pankratz scores
|
Batting: LHB Bill Young
|
0-0: Ball 1-0: Ball 2-0: Called Strike 2-1: Called Strike 2-2: Foul Ball, location: 2F 2-2: Ball 3-2: Reached on error, E3 (Groundball, 3, EV 105.0 MPH) Israel Montoya to third
|
Batting: RHB Bobby Paredes
|
0-0: Fly out, F9 (Flyball, 89D, EV 110.0 MPH) Runner from 3rd tags up, SCORES, throw by RF
|
Batting: LHB Marius Tadini
|
0-0: Ball 1-0: Foul Ball, location: 2F 1-1: Ball 2-1: Foul Ball, location: 2F 2-2: Ball 3-2: Foul Ball, location: 2F 3-2: Foul Ball, location: 2F 3-2: Base on Balls Bill Young to second
|
Batting: SHB Duri Chilemba
|
0-0: Ball 1-0: Fly out, F8 (Flyball, 8RD, EV 88.8 MPH)
|
Top of the 5th over - 2 runs, 2 hits, 1 error, 2 left on base; Chattanooga 5 - Trenton 2 |
BOTTOM OF THE 5TH |
Trenton Thunder batting - Pitching for Chattanooga Lookouts : RHP Willie Perez
|
Batting: LHB Aaron Joyner
|
0-0: Ball 1-0: Ground out 4-3 (Groundball, 4, EV 92.5 MPH)
|
Batting: SHB Mukhtar Wa'il
|
0-0: Ball 1-0: Fly out, F7 (Flyball, 78S, EV 92.5 MPH)
|
Batting: LHB Mike DiNardo
|
0-0: Ball 1-0: DOUBLE (Line Drive, 78D, EV 101.9 MPH)
|
Batting: SHB Victor Ruiz
|
0-0: Ball 1-0: Called Strike 1-1: Foul Ball, location: 2F 1-2: Strikes out looking
|
Bottom of the 5th over - 0 runs, 1 hit, 0 errors, 1 left on base; Chattanooga 5 - Trenton 2 |
TOP OF THE 6TH |
Chattanooga Lookouts batting - Pitching for Trenton Thunder : RHP Mark Norman
|
Batting: RHB Mike Craver
|
0-0: Ball 1-0: Ball 2-0: Fly out, F9 (Line Drive, 9, EV 95.6 MPH)
|
Batting: RHB Matt Dunn
|
0-0: Ball 1-0: Foul Ball, location: 2F 1-1: Foul Ball, location: 2F 1-2: Strikes out swinging
|
Pitching: RHP Craig Murphy
|
|
Batting: LHB Jim Pankratz
|
0-0: Ball 1-0: Swinging Strike 1-1: Called Strike 1-2: Ball 2-2: Ball 3-2: Base on Balls
|
Batting: LHB Matt Robertson
|
0-0: Ball Wild Pitch! Jim Pankratz to second 1-0: Foul Ball, location: 2F 1-1: Swinging Strike 1-2: 2-RUN HOME RUN (Flyball, 89XD, EV 104.4 MPH), Distance : 431 ft
|
Batting: LHB Israel Montoya
|
0-0: Ball 1-0: Called Strike 1-1: Ball 2-1: Ball 3-1: Foul Ball, location: 2F 3-2: Base on Balls
|
Batting: LHB Bill Young
|
0-0: Ball Israel Montoya steals 2nd base 1-0: Foul Ball, location: 2F 1-1: Swinging Strike Passed Ball! Israel Montoya to third 1-2: Strikes out swinging
|
Top of the 6th over - 2 runs, 1 hit, 0 errors, 1 left on base; Chattanooga 7 - Trenton 2 |
BOTTOM OF THE 6TH |
Trenton Thunder batting - Pitching for Chattanooga Lookouts : RHP Willie Perez
|
Batting: RHB Johannes Gutermuth
|
0-0: Ball 1-0: Ball 2-0: Called Strike 2-1: Ball 3-1: Swinging Strike 3-2: Foul Ball, location: 2F 3-2: Strikes out swinging
|
Batting: RHB Jose Leal
|
0-0: Called Strike 0-1: Ball 1-1: Foul Ball, location: 2F 1-2: Ball 2-2: Strikes out swinging
|
Batting: RHB Omar Novoa
|
0-0: Swinging Strike 0-1: Ground out 6-3 (Groundball, 56D, EV 85.6 MPH)
|
Bottom of the 6th over - 0 runs, 0 hits, 0 errors, 0 left on base; Chattanooga 7 - Trenton 2 |
TOP OF THE 7TH |
Chattanooga Lookouts batting - Pitching for Trenton Thunder : RHP Craig Murphy
|
Batting: RHB Bobby Paredes
|
0-0: Called Strike 0-1: Ball 1-1: Ground out 1-3 (Groundball, 13S, EV 70.0 MPH)
|
Batting: LHB Marius Tadini
|
0-0: Called Strike 0-1: Ball 1-1: Ball 2-1: Swinging Strike 2-2: Ball 3-2: Strikes out swinging
|
Batting: SHB Duri Chilemba
|
0-0: Called Strike 0-1: Called Strike 0-2: Ground out 4-3 (Groundball, 4S, EV 91.2 MPH)
|
Top of the 7th over - 0 runs, 0 hits, 0 errors, 0 left on base; Chattanooga 7 - Trenton 2 |
BOTTOM OF THE 7TH |
Trenton Thunder batting - Pitching for Chattanooga Lookouts : RHP Willie Perez
|
Batting: RHB Nick Dunton
|
0-0: Ball 1-0: Foul Ball, location: 2F 1-1: Ball 2-1: Ball 3-1: SINGLE (Groundball, 4MD, EV 102.5 MPH) (infield hit)
|
Batting: RHB Sharafat Khanum
|
0-0: Ball 1-0: Reached on error, E9 (Flyball, 9D, EV 106.2 MPH) Nick Dunton to third
|
Batting: LHB Aaron Joyner
|
0-0: Ball 1-0: Ball 2-0: DOUBLE (Line Drive, 9LS, EV 93.1 MPH) Nick Dunton scores Sharafat Khanum scores
|
Batting: SHB Mukhtar Wa'il
|
0-0: Swinging Strike 0-1: Foul Ball, location: 2F 0-2: Foul Ball, location: 2F 0-2: Fly out, F8 (Flyball, 89M, EV 90.6 MPH) Runner from 2nd tags up, OUT at 3rd! 8-5
|
Batting: LHB Mike DiNardo
|
0-0: Ball 1-0: Ball 2-0: DOUBLE (Line Drive, 89D, EV 106.2 MPH)
|
Pitching: RHP Toshiyuki Kawashima
|
|
Batting: SHB Victor Ruiz
|
0-0: Ball 1-0: Ball 2-0: Ball 3-0: Base on Balls
|
Batting: RHB Johannes Gutermuth
|
0-0: Foul Ball, location: 2F 0-1: Called Strike 0-2: Foul Ball, location: 2F 0-2: Ball 1-2: Strikes out swinging
|
Bottom of the 7th over - 2 runs, 3 hits, 1 error, 2 left on base; Chattanooga 7 - Trenton 4 |
TOP OF THE 8TH |
Chattanooga Lookouts batting - Pitching for Trenton Thunder : RHP Craig Murphy
|
Pitching: RHP Vince DeFord
|
|
Batting: RHB Mike Craver
|
0-0: Ball 1-0: Ball 2-0: Called Strike 2-1: Ground out 4-3 (Groundball, 34, EV 105.6 MPH)
|
Batting: RHB Matt Dunn
|
0-0: Ball 1-0: Called Strike 1-1: Swinging Strike 1-2: Ball 2-2: Foul Ball, location: 2F 2-2: Fly out, F3 (Popup, 3SF, EV 78.1 MPH)
|
Batting: LHB Jim Pankratz
|
0-0: Ball 1-0: Ball 2-0: Foul Ball, location: 2F 2-1: Ball 3-1: Fly out, F9 (Line Drive, 9, EV 98.8 MPH)
|
Top of the 8th over - 0 runs, 0 hits, 0 errors, 0 left on base; Chattanooga 7 - Trenton 4 |
BOTTOM OF THE 8TH |
Trenton Thunder batting - Pitching for Chattanooga Lookouts : RHP Toshiyuki Kawashima
|
Batting: RHB Jose Leal
|
0-0: Ball 1-0: Called Strike 1-1: Called Strike 1-2: Strikes out swinging, 2-3 out at first.
|
Pinch Hitting: LHB Joel Vera
|
0-0: Foul Ball, location: 2F 0-1: Ball 1-1: Fly out, F6 (Flyball, 6D, EV 90.0 MPH)
|
Batting: RHB Nick Dunton
|
0-0: Ball 1-0: Ball 2-0: Swinging Strike 2-1: Ball 3-1: Base on Balls
|
Pitching: RHP Matthew Lange
|
|
Batting: RHB Sharafat Khanum
|
0-0: Called Strike 0-1: Ball 1-1: Ball 2-1: Ball 3-1: Called Strike 3-2: Strikes out swinging
|
Bottom of the 8th over - 0 runs, 0 hits, 0 errors, 1 left on base; Chattanooga 7 - Trenton 4 |
TOP OF THE 9TH |
Chattanooga Lookouts batting - Pitching for Trenton Thunder : RHP Vince DeFord
|
Pitching: RHP Willie Servin
|
|
Now at 2B: Joel Vera
|
|
Batting: LHB Matt Robertson
|
0-0: Called Strike 0-1: Ball 1-1: Ball 2-1: Ground out U3 (Groundball, 34, EV 106.2 MPH)
|
Batting: LHB Israel Montoya
|
0-0: Ball 1-0: Ground out 4-3 (Groundball, 4, EV 83.1 MPH)
|
Batting: LHB Bill Young
|
0-0: Called Strike 0-1: Foul Ball, location: 2F 0-2: Ball 1-2: Ball 2-2: Fly out, F5 (Popup, 25F, EV 93.8 MPH)
|
Top of the 9th over - 0 runs, 0 hits, 0 errors, 0 left on base; Chattanooga 7 - Trenton 4 |
BOTTOM OF THE 9TH |
Trenton Thunder batting - Pitching for Chattanooga Lookouts : RHP Matthew Lange
|
Batting: LHB Aaron Joyner
|
0-0: Called Strike 0-1: Foul Ball, location: 2F 0-2: Ground out 5-3 (Groundball, 56S, EV 73.8 MPH)
|
Batting: SHB Mukhtar Wa'il
|
0-0: Called Strike 0-1: Called Strike 0-2: Foul Ball, location: 2F 0-2: Foul Ball, location: 2F 0-2: SINGLE (Flyball, 5D, EV 86.2 MPH)
|
Batting: LHB Mike DiNardo
|
0-0: Ball 1-0: Ball 2-0: Called Strike 2-1: Ball 3-1: Called Strike 3-2: Base on Balls Mukhtar Wa'il to second
|
Pitching: LHP Antoine Champagne
|
|
Batting: SHB Victor Ruiz
|
0-0: Ball 1-0: Ball 2-0: Ball 3-0: Foul Ball, location: 2F 3-1: Base on Balls Mukhtar Wa'il to third Mike DiNardo to second
|
Batting: RHB Johannes Gutermuth
|
0-0: SINGLE (Groundball, 56D, EV 106.9 MPH) Mukhtar Wa'il scores Mike DiNardo to third Victor Ruiz to second
|
Batting: RHB Jose Leal
|
0-0: Called Strike 0-1: Ball 1-1: Called Strike 1-2: Strikes out swinging
|
Batting: LHB Joel Vera
|
0-0: Called Strike 0-1: Ball 1-1: Called Strike 1-2: Strikes out looking
|
Bottom of the 9th over - 1 run, 2 hits, 0 errors, 3 left on base; Chattanooga 7 - Trenton 5 |
|